 Dungeon Crawl Stone Soup version 0.31-a0-1218-gce794a2 (webtiles) character file.

Game seed: 9028533027441377152

50 Speno2 the Chopper (level 3, -3/34 HPs)
             Began as a Hill Orc Monk on Dec 13, 2023.
             Slain by an iguana (8 damage)
             ... on level 2 of the Dungeon.
             The game lasted 00:02:06 (1053 turns).

Speno2 the Chopper (Hill Orc Monk)                  Turns: 1053, Time: 00:02:06

Health: -3/34      AC:  6    Str: 15    XL:     3   Next: 79%
Magic:  3/3        EV: 11    Int: 10    God:
Gold:   83         SH:  0    Dex: 13    Spells: 2/2 levels left

rFire   . . .        a - +0 hand axe
rCold   . . .        d - orb {light}
rNeg    . . .        h - +0 ring mail
rPois   .            (no helmet)
rElec   .            (no cloak)
rCorr   .            g - +0 pair of gloves
SInv    .            (no boots)
Will    .....        (no amulet)
Stlth   +            (no ring)
HPRegen 0.25/turn    (no ring)
MPRegen 0.08/turn

%: no passive effects
@: glowing
A: no striking features
a: no special abilities


You were on level 2 of the Dungeon.
You visited 1 branch of the dungeon, and saw 2 of its levels.

You collected 83 gold pieces.

Inventory:

Hand Weapons
 a - a +0 hand axe (weapon)
Missiles
 k - 2 throwing nets
Armour
 b - a +0 robe
 d - an orb of light (worn)
 g - a +0 pair of gloves (worn)
 h - a +0 ring mail (worn)
 i - a +0 leather armour of cold resistance
Scrolls
 e - a scroll of amnesia {unknown}
 f - a scroll of noise {unknown}
 j - a scroll of silence {unknown}
Potions
 c - a potion of ambrosia


   Skills:
 + Level 4.4 Fighting
 + Level 4.8 Axes
 + Level 1.6 Armour
 - Level 2.5 Dodging


You had 2 spell levels left.
You didn't know any spells.
Your spell library was empty.

Dungeon Overview and Level Annotations

Branches:
Dungeon (2/15)

Altars:


Message History

You hit the iguana but do no damage. The iguana bites you!
You hit the iguana but do no damage. The iguana bites you.
The iguana barely misses you.
You are too injured to fight recklessly!
You are too injured to fight recklessly!
You are too injured to fight recklessly!
Unknown command.
The dart slug launches a dart at you. The slug dart hits you.
You hit the iguana but do no damage.
The iguana bites you but does no damage.
You hit the iguana but do no damage.
The iguana bites you but does no damage.
You hit the iguana but do no damage. The iguana bites you.
You hit the iguana but do no damage. The iguana bites you.
You hit the iguana.
The iguana is lightly wounded.
The iguana bites you!
* * * LOW HITPOINT WARNING * * *
Unknown command.
You hit the iguana.
The iguana is moderately wounded.
The dart slug briefly extends its eye-stalks.
The iguana misses you.
You hit the iguana.
The iguana is moderately wounded.
The iguana closely misses you.
You hit the iguana.
The iguana is heavily wounded.
The iguana bites you but does no damage.
You barely miss the iguana.
The iguana is heavily wounded.
The iguana barely misses you.
You hit the iguana.
The iguana is severely wounded.
The iguana closely misses you.
You hit the iguana but do no damage.
The iguana is severely wounded.
The iguana bites you!
You die...

#.# .##... <.. #.#
....## .... #.#
##....#. #..#
###.###......##...
#.....#..# .....#
##.....#.# #...#
#......†.# ##..#
#......†.###.†##
#......#..@lw##
#.#####...####
#...........
#†#####...#...
#######.#
##.#......
........#
#.#......
#######.#
......... #####
#.# ..#..###.
....# #.. ....


You could see an iguana and a dart slug.

Vanquished Creatures
  2 adders (D:2)
  A dart slug (D:2)
  4 bats
  4 endoplasms
  2 giant cockroaches
  3 goblins (D:1)
  3 hobgoblins
  A quokka (D:1)
  A ball python (D:1)
  3 frilled lizards
  2 kobolds (D:1)
  3 rats (D:1)
29 creatures vanquished.

Notes
Turn   | Place    | Note
-------+----------+-------------------------------------------
     0 | D:1      | Speno2 the Hill Orc Monk began the quest for the Orb.
     0 | D:1      | Reached XP level 1. HP: 19/19 MP: 1/1
   166 | D:1      | Reached XP level 2. HP: 26/27 MP: 2/2
   339 | D:1      | Reached skill level 1 in Armour
   590 | D:1      | Reached XP level 3. HP: 25/33 MP: 3/3
   687 | D:1      | Found a faded altar of an unknown god.
  1053 | D:2      | Slain by an iguana

Illustrated notes

Levels and vault maps discovered:
D:1:      ncdulo_lavacross, layout_basic, shapermc_ecumenical_altar_acropolis,
          minmay_split_cup_small
D:2:      layout_loops_ring, small_statue_intersection, minmay_bisected

Skill      XL: |  1  2 |
---------------+-------+-----
Fighting       | 4 |  4.4
Armour         | 1 |  1.6
Axes           | |  4.8
Dodging        | |  2.5

Action                     || total
---------------------------++-------
  Melee: Hand axe          ||    82
 Armour: Robe              ||    15
         Ring mail         ||    23
  Dodge: Dodged            ||    48

Table legend: (Time is in decaauts)
 A = Elapsed time spent in this place.
 B = Non-inter-level travel time spent in this place.
 C = Inter-level travel time spent in this place.
 D = Time resting spent in this place.
 E = Time spent auto-exploring this place.
 F = Levels seen in this place.
 G = Mean time per level.
                   A        B        C        D        E       F      G
               +--------+--------+--------+--------+--------+-----+--------+
         Total |   1058 |    912 |    146 |     27 |    676 |   2 |  529.0 |
       Dungeon |   1058 |    912 |    146 |     27 |    676 |   2 |  529.0 |
               +--------+--------+--------+--------+--------+-----+--------+

Top non-repeatable levels by time:
     D:1: 877 daAuts
     D:2: 181 daAuts
